 Dungeon Crawl Stone Soup version bcrawl-1.38b (webtiles) character file.

Game seed: 12434542196197714847

139041 Mrkan the Skirmisher (level 5, 0/48 HPs)
             Began as a Hill Orc Monk on Mar 23, 2023.
             Succumbed to an adder's poison
             ... in a sewer.
             The game lasted 00:04:55 (2723 turns).

Mrkan the Skirmisher (Hill Orc Monk)                Turns: 2723, Time: 00:04:56

Health: 0/48       AC:  2    Str: 15    XL:     5   Next: 47%
Magic:  1/7        EV: 12    Int: 10    God:
Gold:   87         SH:  0    Dex: 13    Spells: 4/4 levels left

rFire    . . .     GDR:     27% a - +0 hand axe
rCold    . . .     SeeInvis .   (no shield)
rNeg     . . .     Gourm    .   b - +0 robe
rPois    .         Faith    .   c - +0 hat
rElec    .         Spirit   +   (no cloak)
rCorr    .         Reflect  .   (no gloves)
MR       .....                  (no boots)
Stlth    +.........             d - amulet of guardian spirit
HPRegen  0.18/turn              (no ring)
MPRegen  0.10/turn              (no ring)

@: lethally poisoned (0 -> -2), very slow
A: no striking features
a: no special abilities


You were in a sewer.
You were hungry.

You visited 1 branch of the dungeon, and saw 3 of its levels.
You also visited: Sewer.

You collected 87 gold pieces.

Inventory:

Hand Weapons
 a - a +0 hand axe (weapon)
Missiles
 l - 165 poisoned tomahawks (quivered)
 r - 153 exploding tomahawks
Armour
 b - a +0 robe (worn)
 c - a +0 hat (worn)
 g - a +0 pair of gloves
Jewellery
 d - an amulet of guardian spirit (around neck)
 q - an uncursed amulet of magic regeneration {unknown}
Scrolls
 f - 5 scrolls of remove curse
 i - 4 scrolls of identify
 k - a scroll of enchant armour {unknown}
 n - a scroll of immolation {unknown}
 o - a scroll of fear {unknown}
 p - 2 scrolls of fog {unknown}
Potions
 h - a potion of cancellation {unknown}
 j - a potion of brilliance {unknown}
 s - a potion of haste {unknown}
Comestibles
 e - 2 rations {!d}
 t - 3 chunks of flesh


   Skills:
 * Level 5.1 Fighting
   Level 5.1 Short Blades
   Level 5.1 Long Blades
   Level 5.1 Axes
   Level 5.1 Maces & Flails
   Level 5.1 Polearms
   Level 5.1 Staves
 + Level 2.9 Armour
 - Level 2.4 Dodging
 - Level 1.7 Stealth
   Level 5.1 Unarmed Combat
   Level 2.6 Invocations


You had 4 spell levels left.
You didn't know any spells.
Your spell library was empty.

Dungeon Overview and Level Annotations

Branches:
Dungeon (3/12)

Altars:
Lugonu


Message History

The adder closely misses you.
The adder barely misses you. x2; The adder misses you.
The adder closely misses you. x2; The adder bites you.
* * * LOW HITPOINT WARNING * * *
You are lethally poisoned!
The adder poisons you!
You hit the adder but do no damage.
The adder is heavily wounded.
You hit the adder but do no damage.
* * * LOW HITPOINT WARNING * * *
You feel sick. The adder bites you but does no damage.
The adder barely misses you.
Your unstable footing causes you to fumble your attack.
The adder bites you. x2
* * * LOW HITPOINT WARNING * * *
The adder barely misses you. x2
You hit the adder.
The adder is severely wounded.
You hit the adder.
You die...

. .. ...
###################
....#≈≈≈≈≈≈≈≈.≈≈≈≈≈≈#.###
....≈≈≈≈≈≈≈≈≈r≈r≈#≈≈≈...##
.....≈†≈≈≈≈≈≈#≈S#≈≈≈.....#
....≈≈†≈≈≈≈≈≈≈≈S@≈≈≈.....#
#...≈≈≈≈≈≈≈≈≈≈≈≈≈≈≈≈≈....##
###..≈≈≈≈≈≈≈≈≈≈≈≈≈≈≈......#
####################....#
##...## ##...# #...# ##...#
##...##


You could see 2 adders and 2 rats.

Vanquished Creatures
  Jessica (D:2)
  3 adders
  2 river rats
  A worm (D:2)
  2 dart slugs
  6 leopard geckos
  An orc (D:3)
  12 giant cockroaches
  5 goblins
  5 hobgoblins
  8 jackals
  4 bats
  4 frilled lizards
  10 kobolds
  19 rats
83 creatures vanquished.

Notes
Turn   | Place    | Note
-------+----------+-------------------------------------------
     0 | D:1      | Mrkan the Hill Orc Monk began the quest for the Orb.
     0 | D:1      | Reached XP level 1. HP: 19/19 MP: 2/2
   123 | D:1      | Reached XP level 2. HP: 23/27 MP: 2/4
   208 | D:1      | Reached skill level 1 in Armour
   245 | D:1      | Reached skill level 4 in Fighting
   444 | D:1      | Reached XP level 3. HP: 33/33 MP: 5/5
   852 | D:2      | Noticed Jessica
   880 | D:2      | Killed Jessica
   881 | D:2      | Reached XP level 4. HP: 13/41 MP: 1/6
  1290 | D:2      | Found a corrupted altar of Lugonu.
  2281 | D:3      | Reached XP level 5. HP: 15/47 MP: 3/7
  2339 | D:3      | Found a glowing drain.
  2343 | Sewer    | Entered a sewer
  2568 | Sewer    | Reached skill level 5 in Fighting
  2721 | Sewer    | HP: 2/48 [poisoned by an adder]
  2723 | Sewer    | Succumbed to an adder's poison

Skill      XL: |  1  2  3  4  5 |
---------------+----------------+-----
Armour         | 1 2 |  2.9
Fighting       | 4 5 |  5.1
Short Blades   | |  5.1
Long Blades    | |  5.1
Axes           | |  5.1
Maces & Flails | |  5.1
Polearms       | |  5.1
Staves         | |  5.1
Dodging        | |  2.4
Stealth        | |  1.7
Unarmed Combat | |  5.1
Invocations    | |  2.6

Action                   |  1- 3 |  4- 6 || total
-------------------------+-------+-------++-------
Melee: Hand axe          |    83 |   168 ||   251
       Punch             |     2 |     3 ||     5
  Use: Potion            |       |     2 ||     2
 Stab: Sleeping          |     3 |     2 ||     5
       Distracted        |     1 |       ||     1
  Eat: Chunk             |     1 |    12 ||    13
Armor: Robe              |    16 |    25 ||    41
Dodge: Dodged            |    71 |   167 ||   238
